 Dungeon Crawl Stone Soup version 0.20.1-1-g8b1a95d (console) character file.

31502 Kloppie the Severer (level 13, -16/111 HPs)
             Began as a Red Draconian Gladiator on July 19, 2017.
             Was a Priest of the Shining One.
             Demolished by Knicklaso's ghost (31 damage)
             ... on level 6 of the Lair of Beasts.
             The game lasted 00:25:45 (17910 turns).

Kloppie the Severer (Red Draconian Gladiator)      Turns: 17910, Time: 00:25:45

Health: -16/111    AC: 10    Str: 16    XL:     13   Next: 26%
Magic:  16/18      EV: 25    Int: 13    God:    the Shining One [***...]
Gold:   700        SH: 13    Dex: 21    Spells: 8/12 levels left

rFire    + + .     SeeInvis .   a - +4 broad axe {freeze, Int+2 Dex+5}
rCold    + . .     Gourm    .   (no shield)
rNeg     + . .     Faith    .   (armour unavailable)
rPois    .         Spirit   .   T - +1 hat
rElec    .         Reflect  +   D - scarf {rC+ rF+}
rCorr    +         Harm     .   q - +0 pair of gloves
MR       .....                  (no boots)
Stlth    +.........             n - +5 amulet of reflection
Regen    0.3/turn               M - +3 ring of evasion
MPRegen  0.2/turn               k - ring of resist corrosion

@: divine shield, glowing
A: breathe fire, unfitting armour, fire resistance 1, cold-blooded, AC +8
a: Breathe Fire, Divine Shield, Renounce Religion


You were on level 6 of the Lair of Beasts.
You worshipped the Shining One.
The Shining One was most pleased with you.
You were not hungry.

You visited 3 branches of the dungeon, and saw 17 of its levels.

You collected 1024 gold pieces.
You spent 324 gold pieces at shops.

Inventory:

Hand Weapons
 a - the +4 broad axe "Upteokio" (weapon) {freeze, Int+2 Dex+5}
   (You acquired it on level 3 of the Lair of Beasts)

   It has been specially enchanted to freeze those struck by it, causing extra
   injury to most foes and up to half again as much damage against particularly
   susceptible opponents.
   It can also slow down cold-blooded creatures.
   It affects your intelligence (+2).
   It affects your dexterity (+5).
 b - a +1 dire flail
Missiles
 c - 5 throwing nets (quivered)
Armour
 q - a +0 pair of gloves (worn)
 D - a scarf of resistance (worn)
 T - a +1 hat (worn)
Jewellery
 k - a ring of resist corrosion (right hand)
 n - a +5 amulet of reflection (around neck)
 M - a +3 ring of evasion (left hand)
 P - an uncursed ring of ice
Wands
 w - a wand of polymorph (14/24)
 z - a wand of digging (9/24)
Scrolls
 o - a scroll of recharging
 r - a scroll of identify
 x - 4 scrolls of teleportation
 y - 5 scrolls of remove curse
 C - a scroll of amnesia
 E - 2 scrolls of enchant weapon
 F - a scroll of fog
 N - a scroll of summoning
Potions
 e - 2 potions of curing
 f - 4 potions of haste
 h - 2 potions of ambrosia
 j - 4 potions of flight
 s - a potion of heal wounds
 t - 3 potions of lignification
 v - a potion of magic
 H - 3 potions of agility
 I - 4 potions of brilliance
 O - 2 potions of berserk rage
Books
 l - a book of Air

   Spells                             Type                      Level
   a - Shock                          Conjuration/Air              1
   b - Swiftness                      Charms/Air                   2
   c - Static Discharge               Conjuration/Air              3
   d - Airstrike                      Air                          4
   e - Lightning Bolt                 Conjuration/Air              5
 u - a book of Maledictions

   Spells                             Type                      Level
   a - Corona                         Hexes                        1
   b - Ensorcelled Hibernation        Hexes/Ice                    2
   c - Confuse                        Hexes                        3
   d - Tukima's Dance                 Hexes                        3
   e - Dazzling Spray                 Conjuration/Hexes            3
 B - Sif Muna's Disquisition on Dusty Benedictions
   (You found it on level 8 of the Dungeon)

   Spells                             Type                      Level
   a - Infusion                       Charms                       1
   b - Song of Slaying                Charms                       2
   c - Passwall                       Transmutation/Earth          2
   d - Ozocubu's Armour               Charms/Ice                   3
   e - Excruciating Wounds            Charms/Necromancy            5
   f - Ring of Flames                 Charms/Fire                  7
 J - a book of Minor Magic

   Spells                             Type                      Level
   a - Magic Dart                     Conjuration                  1
   b - Blink                          Translocation                2
   c - Call Imp                       Summoning                    2
   d - Slow                           Hexes                        2
   e - Conjure Flame                  Conjuration/Fire             3
   f - Mephitic Cloud                 Conjuration/Poison/Air       3
 K - a book of Geomancy

   Spells                             Type                      Level
   a - Sandblast                      Earth                        1
   b - Passwall                       Transmutation/Earth          2
   c - Stone Arrow                    Conjuration/Earth            3
   d - Petrify                        Transmutation/Earth          4
   e - Lee's Rapid Deconstruction     Earth                        5
Comestibles
 d - 12 bread rations
 i - 4 fruits
 m - a chunk of flesh
 p - 6 meat rations


   Skills:
 - Level 9.3 Fighting
 + Level 15.4 Axes
 - Level 1.7 Throwing
 - Level 10.8 Dodging
 + Level 5.5 Charms
 - Level 6.7 Invocations


You had 8 spell levels left.
You knew the following spells:

 Your Spells              Type           Power        Failure   Level  Hunger
a - Blink                 Tloc           N/A          43%         2    ###....
b - Song of Slaying       Chrm           ##......     4%          2    ###....


Dungeon Overview and Level Annotations

Branches:
Dungeon (10/15)            Temple (1/1) D:5            Lair (6/6) D:10
 Shoals (0/4) Lair:3       Spider (0/4) Lair:4        Slime (0/5) Lair:6
    Orc: D:9-12

Altars:
Ashenzari
Cheibriados
Dithmenos
Elyvilon
Fedhas
Gozag
Hepliaklqana
Kikubaaqudgha
Makhleb
Nemelex Xobeh
Okawaru
Qazlal
Ru
Sif Muna
Trog
Uskayaw
Vehumet
Xom
Yredelemnul
Zin
The Shining One
Jiyva

Shops:
D:5 }   D:8 *   D:9 [:(%   D:10 (

Annotations:
Lair:6 Knicklaso's ghost, journeyman TrMo


Innate Abilities, Weirdness & Mutations

You can breathe blasts of fire.
Your fiery red scales are hard. (AC +8)
You cannot fit into any form of body armour.
Your flesh is heat resistant. (rF+)
You are cold-blooded and may be slowed by cold attacks.


Message History

Your tail-slap misses Knicklaso's ghost.
Knicklaso's ghost is heavily damaged.
You hit Knicklaso's ghost. You freeze Knicklaso's ghost.
Knicklaso's ghost is heavily damaged.
Knicklaso's ghost misses you.
You hit Knicklaso's ghost but do no damage.
Your tail-slap misses Knicklaso's ghost.
Knicklaso's ghost is heavily damaged.
You block Knicklaso's ghost's attack.
You hit Knicklaso's ghost. You freeze Knicklaso's ghost.
Knicklaso's ghost is heavily damaged.
You block Knicklaso's ghost's attack.
You hit Knicklaso's ghost. You freeze Knicklaso's ghost.
Knicklaso's ghost is heavily damaged.
Knicklaso's ghost hits you!!
* * * LOW HITPOINT WARNING * * *
You slash Knicklaso's ghost! You freeze Knicklaso's ghost!
Knicklaso's ghost is severely damaged.
Knicklaso's ghost hits you!!
You die...

##### # #.#.###.# ####
#...... ...## #....#
..#..# #...P# ......
#..P.# ###P.PP.P ###
##..## #...P..
#.####..## ##.W.#
###...#..#.## #.@.# ..
...........P###..#..._>.
....PP.#....##....##....
..#......!.#.....## ...
##...#...P.......# .
.#.........#.....#
###................. #
#..#...............
###..................


You could see Knicklaso's ghost.

Vanquished Creatures
  Fannar (Lair:1)
  3 hydras
  A two-headed ogre (D:9)
  The ghost of loom the Fighter, a journeyman GrIE of Hepliaklqana (D:10)
  6 death yaks (Lair:5)
  Pikel (D:8)
  5 elephants (Lair:3)
  2 black mambas
  Joseph (D:8)
  16 spiny frogs
  2 rime drakes
  5 komodo dragons
  2 hornets
  Grinder (D:6)
  A polar bear (Lair:2)
  5 blink frogs (Lair:1)
  8 hippogriffs
  A vampire (D:10)
  15 yaks
  3 wyverns
  2 basilisks (Lair:2)
  A hungry ghost (D:4)
  9 water moccasins
  8 porcupines
  2 orc warriors
  2 slaves (D:8)
  An ice beast (D:9)
  3 sky beasts
  4 black bears
  A necrophage (D:10)
  An ogre (D:9)
  An eye of draining (D:10)
  4 centaurs
  3 phantoms
  3 wolves (Lair:1)
  8 crocodiles
  17 bullfrogs
  A wyvern zombie (D:6)
  A wyvern skeleton (D:10)
  4 scorpions
  5 killer bees (D:9)
  2 electric eels
  8 wights
  4 howler monkeys
  3 bullfrog zombies
  A lava snake (Lair:3)
  5 crimson imps
  2 centaur zombies
  A quasit (D:7)
  7 hounds
  A jelly (D:8)
  A gnoll shaman (D:7)
  2 centaur skeletons
  4 orc priests
  3 iguanas
  11 orc wizards
  6 worker ants
  A human simulacrum (D:9)
  2 hound zombies (D:5)
  A hound skeleton (D:10)
  11 gnolls
  9 adders
  3 dart slugs (D:3)
  5 leopard geckos
  29 orcs
  11 giant cockroaches
  7 goblins
  12 hobgoblins
  14 jackals
  7 kobolds
  5 quokkas
  A ball python (D:3)
  8 bats
  9 frilled lizards
  A leopard gecko skeleton (D:6)
  A leopard gecko zombie (D:5)
  A quokka zombie (D:10)
  6 rats
  4 fungi
  A plant (Lair:5)
371 creatures vanquished.

Vanquished Creatures (others)
  A slave (D:8)
  A human simulacrum (D:9)
  3 fungi
  2 plants
7 creatures vanquished.

Grand Total: 378 creatures vanquished

Notes
Turn   | Place    | Note
-------+----------+-------------------------------------------
     0 | D:1      | Kloppie the Draconian Gladiator began the quest for the Orb.
     0 | D:1      | Reached XP level 1. HP: 17/17 MP: 1/1
   152 | D:1      | Reached XP level 2. HP: 25/25 MP: 2/2
  1056 | D:2      | Reached XP level 3. HP: 30/30 MP: 3/3
  1265 | D:2      | Reached skill level 4 in Axes
  1376 | D:2      | You fall through a shaft!
  1489 | D:3      | Reached XP level 4. HP: 31/38 MP: 4/4
  1905 | D:3      | Reached XP level 5. HP: 21/47 MP: 5/5
  2779 | D:4      | Noticed a hungry ghost
  2820 | D:4      | Killed a hungry ghost
  2820 | D:4      | Reached skill level 5 in Fighting
  2820 | D:4      | Reached skill level 5 in Axes
  2820 | D:4      | Reached XP level 6. HP: 27/56 MP: 6/6
  3636 | D:5      | Entered Level 5 of the Dungeon
  3671 | D:5      | Reached skill level 6 in Axes
  3671 | D:5      | Your scales start taking on a fiery red colour.
  3671 | D:5      | Reached XP level 7. HP: 45/63 MP: 7/7
  3671 | D:5      | Gained mutation: Your flesh is heat resistant. (rF+) [Red Draconian growth]
  3770 | D:5      | Found Dolu Fooriu's Quality Used Wands.
  3853 | D:5      | Found a staircase to the Ecumenical Temple.
  3865 | Temple   | Entered the Ecumenical Temple
  4226 | D:5      | Reached skill level 7 in Axes
  4709 | D:6      | Reached XP level 8. HP: 62/70 MP: 8/8
  4727 | D:6      | Got a smoking wooden ring
  5112 | D:6      | Noticed Grinder
  5119 | D:6      | Paralysed by Grinder for 5 turns
  5135 | D:6      | Killed Grinder
  5135 | D:6      | Reached skill level 8 in Axes
  5135 | D:6      | Reached skill level 5 in Dodging
  5609 | D:6      | Identified the ring "Geziunubb" {Str+2 Dex+3} (You found it on level 6 of the Dungeon)
  6145 | D:7      | Found a sacrificial altar of Ru.
  6145 | D:7      | Found a deep blue altar of Sif Muna.
  6179 | D:7      | Reached XP level 9. HP: 75/75 MP: 9/9
  6194 | D:7      | Reached skill level 9 in Axes
  6280 | Temple   | Became a worshipper of the Shining One
  6763 | D:8      | Found Naetyth's General Store.
  6769 | D:8      | Bought a scroll of identify for 30 gold pieces
  6886 | D:8      | Reached skill level 10 in Axes
  7169 | D:8      | Reached * piety under the Shining One
  7222 | D:8      | Noticed Pikel
  7246 | D:8      | Killed Pikel
  7485 | D:8      | Noticed Joseph
  7505 | D:8      | Killed Joseph
  7505 | D:8      | Reached XP level 10. HP: 54/83 MP: 10/10
  7567 | D:8      | Identified Sif Muna's Disquisition on Dusty Benedictions
  8218 | D:9      | Found an iron altar of Okawaru.
  8222 | D:9      | Reached skill level 11 in Axes
  8364 | D:9      | Noticed a two-headed ogre
  8377 | D:9      | Killed a two-headed ogre
  8570 | D:9      | Found Vonocs's Food Boutique.
  8623 | D:9      | Found Septyff's Antique Weapon Shop.
  8657 | D:9      | Found Lubboll's Antique Armour Boutique.
  8678 | D:9      | Found Yvaud's Book Emporium.
  9211 | D:9      | Learned a level 2 spell: Blink
  9214 | D:9      | Learned a level 2 spell: Song of Slaying
  9260 | D:10     | Entered Level 10 of the Dungeon
  9260 | D:10     | Noticed loom's ghost (journeyman GrIE)
  9388 | D:10     | Reached ** piety under the Shining One
  9678 | D:10     | Killed loom's ghost
  9678 | D:10     | Reached skill level 12 in Axes
 10000 | D:10     | Reached XP level 11. HP: 52/97 MP: 0/11
 10124 | D:10     | Found Wachioc's Antique Weapon Shoppe.
 10142 | D:10     | Bought a runed battleaxe for 294 gold pieces
 10423 | D:10     | Found a staircase to the Lair.
 10600 | Lair:1   | Entered Level 1 of the Lair of Beasts
 10622 | Lair:1   | Reached skill level 1 in Invocations
 11339 | Lair:1   | You fall through a shaft!
 11778 | Lair:1   | Noticed Fannar
 11809 | Lair:1   | Killed Fannar
 12057 | Lair:1   | Reached skill level 13 in Axes
 12057 | Lair:1   | Reached skill level 5 in Invocations
 13967 | Lair:3   | Identified a scroll of acquirement
 13968 | Lair:3   | Got a pitted broad axe
 13969 | Lair:3   | Identified the +4 broad axe "Upteokio" {freeze, Int+2 Dex+5} (You acquired it on level 3 of the Lair of Beasts)
 14036 | Lair:3   | Reached XP level 12. HP: 75/104 MP: 17/17
 14368 | Lair:3   | Reached skill level 14 in Axes
 14438 | Lair:3   | Noticed a seven-headed hydra
 14463 | Lair:3   | Killed a seven-headed hydra
 14842 | Lair:3   | Noticed a seven-headed hydra
 14853 | Lair:3   | Killed a seven-headed hydra
 15152 | Lair:3   | Found a staircase to the Shoals.
 15165 | Lair:3   | Reached skill level 10 in Dodging
 15853 | Lair:4   | Found a hole to the Spider Nest.
 16208 | Lair:5   | Reached skill level 1 in Charms
 16327 | Lair:5   | Reached *** piety under the Shining One
 16931 | Lair:5   | Reached skill level 15 in Axes
 17052 | Lair:5   | Noticed an eight-headed hydra
 17061 | Lair:5   | Killed an eight-headed hydra
 17061 | Lair:5   | Reached XP level 13. HP: 41/111 MP: 18/18
 17394 | Lair:5   | Reached skill level 5 in Charms
 17833 | Lair:6   | Entered Level 6 of the Lair of Beasts
 17890 | Lair:6   | Noticed Knicklaso's ghost (journeyman TrMo)
 17890 | Lair:6   | Found a viscous altar of Jiyva.
 17892 | Lair:6   | Found a staircase to the Slime Pits.
 17910 | Lair:6   | Demolished by Knicklaso's ghost

Skill      XL: |  1  2  3  4  5  6  7  8  9 10 11 12 13 |
---------------+----------------------------------------+-----
Fighting       | 3 4 5 6 9 |  9.3
Axes           | 4 5 6 7 8 10 12 13 15 | 15.4
Dodging        | 4 6 8 9 10 | 10.8
Invocations    | 6 |  6.7
Charms         | 4 5 |  5.5
Throwing       | |  1.7

Action                   |  1- 3 |  4- 6 |  7- 9 | 10-12 | 13-15 || total
-------------------------+-------+-------+-------+-------+-------++-------
Melee: War axe           |   110 |   177 |   440 |   483 |       ||  1210
       Tailslap          |    14 |    16 |    60 |   129 |    11 ||   230
       Broad axe         |       |       |       |   178 |    51 ||   229
       Dire flail        |       |       |       |    21 |       ||    21
Throw: Throwing net      |       |       |       |     1 |       ||     1
 Cast: Song of Slaying   |       |       |       |       |     1 ||     1
Invok: Divine Shield     |       |       |       |     1 |     2 ||     3
 Abil: Breathe Fire      |       |       |       |     2 |       ||     2
Evoke: Wand              |       |       |     4 |       |       ||     4
  Use: Potion            |       |     1 |     1 |     5 |       ||     7
       Scroll            |       |       |    14 |    17 |       ||    31
 Stab: Sleeping          |     4 |     1 |       |       |       ||     5
  Eat: Chunk             |     2 |     5 |    15 |    27 |     1 ||    50
       Bread ration      |       |     2 |       |       |       ||     2
       Royal jelly       |       |     1 |       |     2 |     1 ||     4
Armor: Skin              |    47 |    53 |   114 |   115 |     2 ||   331
Dodge: Dodged            |   116 |   105 |   331 |   564 |    41 ||  1157
Block: Other             |       |       |    35 |   170 |    17 ||   222
       Reflection        |       |       |       |     3 |       ||     3
